 Dungeon Crawl Stone Soup version 0.32-a0-612-g1c984fe9d1 (webtiles) character file.

Game seed: 3924348768695744657

14763 backslashecho the Cleaver (level 12, -8/142 HPs)
             Began as a Coglin Berserker on Mar 4, 2024.
             Was an Elder of Trog.
             Mangled by a yak (10 damage)
             ... on level 1 of the Lair of Beasts.
             The game lasted 00:31:50 (12890 turns).

backslashecho the Cleaver (Coglin Berserker)       Turns: 12890, Time: 00:31:50

Health: -8/142     AC: 15    Str: 22    XL:     12   Next: 19%
Magic:  12/12      EV: 10    Int:  7    God:    Trog [****..]
Gold:   1681       SH:  0    Dex: 14    Spells: 11/11 levels left

rFire   . . .        (no weapon)
rCold   . . .        F - +1 whip (elec) {Clara}
rNeg    + . .        c - +0 pearl dragon scales
rPois   .            u - +0 helmet
rElec   .            K - scarf {repulsion}
rCorr   .            G - +0 pair of gloves
SInv    .            (no boots)
Will    .....        (amulet unavailable) Stlth
                     (ring unavailable)
HPRegen 0.43/turn    (ring unavailable)
MPRegen 0.13/turn    (no gizmo)

%: repel missiles
@: berserking (expiring), revved, very quick
A: off-hand wielding, slow wielding, warmup strikes, no jewellery
a: Invent Gizmo, Renounce Religion, Berserk, Trog's Hand, Brothers in Arms


You were on level 1 of the Lair of Beasts.
You worshipped Trog.
Trog was greatly pleased with you.
You visited 3 branches of the dungeon, and saw 13 of its levels.
You also visited: Bailey.

You collected 1681 gold pieces.

Inventory:

Hand Weapons
 w - a +1 dagger of speed {Decima}
 A - a +0 war axe {Cuetlachtli}
 E - the +6 hand axe "Gecw" {protect, rC+ Will+}
   (You took it off an orc on level 5 of the Dungeon)

   rC+:       It protects you from cold.
   Will+:     It increases your willpower.
 F - a +1 whip of electrocution (offhand) {Clara}
 P - a +2 broad axe of draining
Missiles
 a - 3 throwing nets
 n - 19 poisoned darts (quivered)
 H - 6 curare-tipped darts
Armour
 c - +0 pearl dragon scales (worn)
 o - +0 ice dragon scales
 p - a +1 cloak
 u - a +0 helmet (worn)
 G - a +0 pair of gloves (worn)
 K - a scarf of repulsion (worn)
Wands
 t - a wand of flame (16)
 x - a wand of acid (6)
 y - a wand of polymorph (18)
 I - a wand of charming (4)
 N - a wand of warping (2)
Scrolls
 d - 3 scrolls of fear
 e - a scroll of immolation {unknown}
 f - 3 scrolls of vulnerability
 i - 4 scrolls of noise
 k - 4 scrolls of silence
 l - 3 scrolls of fog
 m - 2 scrolls of summoning
 r - 2 scrolls of teleportation
 v - 2 scrolls of enchant armour
 z - a scroll of identify
 D - a scroll of blinking {unknown}
 L - a scroll of enchant weapon {unknown}
 M - a scroll of revelation {unknown}
Potions
 b - 3 potions of ambrosia
 g - 2 potions of resistance {unknown}
 h - 3 potions of might
 j - 2 potions of brilliance {unknown}
 q - 4 potions of attraction
 s - 3 potions of mutation
 B - 5 potions of enlightenment
 C - 4 potions of heal wounds
 J - a potion of haste
Miscellaneous
 O - a phial of floods


   Skills:
 - Level 9.0 Fighting
 - Level 2.0 Short Blades
 * Level 14.4 Axes
 + Level 5.9 Throwing
 + Level 7.3 Armour
 - Level 2.0 Dodging


You had 11 spell levels left.
You didn't know any spells.
Your spell library was empty.

Dungeon Overview and Level Annotations

Branches:
Dungeon (11/15)            Temple (0/1) D:5            Lair (1/5) D:9
    Orc (1/2) D:10         Bailey (visited)

Altars:
Dithmenos
Fedhas
Makhleb
Trog
Wu Jian
Xom
The Shining One
Beogh

Shops:
D:1 :   D:10 (

Annotations:
D:6 1 exclusion


Innate Abilities, Weirdness & Mutations

You can wield a second weapon in your off-hand.
It takes a long time for you to wield or remove held weapons.
Your first few attacks do less damage.
You cannot equip rings or amulets.


Message History

Trog accepts your kill.
You feel very sick.
You take 5 damage, and have 49/95 hp.
Okay, then.
Unknown command.
You hit the yak with your +1 whip of electrocution.
Lightning courses through the yak!
The yak is moderately wounded.
You feel very sick. The yak gores you but does no damage.
You take 4 damage, and have 45/95 hp.
You hit the yak with your +1 whip of electrocution.
The yak is heavily wounded.
You feel very sick. The yak gores you.
You take 4 damage, and have 41/95 hp.
You closely miss the yak with your +1 whip of electrocution.
The yak is heavily wounded.
You feel very sick.
You take 3 damage, and have 38/95 hp.
A red film seems to cover your vision as you go berserk!
You feel yourself moving faster!
You feel mighty!
You feel very sick. The yak gores you!
* * * LOW HITPOINT WARNING * * *
You now have 42/142 hp.
You hit the yak with your +1 whip of electrocution.
The yak is heavily wounded.
You feel sick. The yak gores you.
* * * LOW HITPOINT WARNING * * *
You take 6 damage, and have 36/142 hp.
You whack the yak with your +1 whip of electrocution!
Lightning courses through the yak!!
You kill the yak!
Trog accepts your kill.
You feel sick.
You take 1 damage, and have 35/142 hp.
You feel sick. The yak gores you but does no damage. The yak barely misses you.
Things that are here:
a yak corpse; a water moccasin corpse You take 1 damage, and have 34/142 hp.
You hit the yak with your +1 whip of electrocution.
The yak is lightly wounded.
You feel sick. The yak gores you.
* * * LOW HITPOINT WARNING * * *
You take 1 damage, and have 33/142 hp.
You whack the yak with your +1 whip of electrocution!
Lightning courses through the yak!!
The yak is almost dead.
You feel sick. The yak misses you.
You take 1 damage, and have 32/142 hp.
You hit the yak but do no damage.
The yak is almost dead.
You feel sick. The yak gores you.
* * * LOW HITPOINT WARNING * * *
The yak gores you.
* * * LOW HITPOINT WARNING * * *
You take 6 damage, and have 26/142 hp.
You hit the yak with your +1 whip of electrocution.
The yak is almost dead.
You whack the yak with your +1 whip of electrocution!
You kill the yak!
Trog accepts your kill.
You feel sick. The yak gores you but does no damage.
You hit the yak with your +1 whip of electrocution.
The yak is lightly wounded.
You feel sick.
You take 1 damage, and have 25/142 hp.
You completely miss the yak with your +1 whip of electrocution.
The yak is lightly wounded.
The yak gores you.
* * * LOW HITPOINT WARNING * * *
The yak barely misses you.
You take 1 damage, and have 24/142 hp.
You whack the yak with your +1 whip of electrocution!
The yak is heavily wounded.
You feel sick.
You take 1 damage, and have 23/142 hp.
You whack the yak with your +1 whip of electrocution!
The yak is almost dead.
The yak gores you!
* * * LOW HITPOINT WARNING * * *
The yak gores you but does no damage.
You take 6 damage, and have 17/142 hp.
You whack the yak with your +1 whip of electrocution!
You kill the yak!
Trog accepts your kill.
You feel sick. The yak gores you!
* * * LOW HITPOINT WARNING * * *
You take 14 damage, and have 3/142 hp.
You whack the yak with your +1 whip of electrocution!
The yak is moderately wounded.
You feel sick.
You are no longer poisoned.
You take 1 damage, and have 2/142 hp.
You hit the yak with your +1 whip of electrocution.
Lightning courses through the yak!
The yak is severely wounded.
The yak gores you!
You die...

#....................#~...~~...
....................#~~≈~≈≈.#
....................##~~≈≈≈~##
....................##.~~≈≈~~#
....................#..~~~~~#..
..............#.#.......~.~?#
.............####....####..##
..^..........# ##†.....###....
<............###@Y#............
............P##.##############.
..[............##
..............##
..............# .............##
............## ...........##
..........##


You could see a yak.

Vanquished Creatures
  Fannar (D:10)
  2 two-headed ogres
  2 boulder beetles (D:11)
  Pikel (D:4)
  2 orc knights (Bailey)
  An orc sorcerer (Orc:1)
  Maurice (D:9)
  Joseph (D:7)
  A black mamba (D:9)
  Maggie (Lair:1)
  The ghost of Sobieck the Digger, a novice MDEE (D:5)
  A komodo dragon (Lair:1)
  Psyche (D:9)
  A merfolk (D:11)
  The ghost of abessonov the Magician, an amateur OnHW (D:3)
  2 polar bears (Lair:1)
  A troll (D:10)
  A vampire (D:11)
  A wyvern (D:9)
  A human (D:10)
  A wraith (D:10)
  13 yaks
  A steam dragon (D:7)
  3 vampire mosquitoes
  An acid dragon (D:6)
  4 water moccasins
  5 orc warriors
  2 ice beasts
  A sky beast (D:7)
  4 ogres
  3 black bears
  2 centaurs
  2 lemures (D:4)
  2 phantoms
  4 bullfrogs
  2 kobold brigands
  2 gnoll sergeants
  4 scorpions
  2 jellies
  2 howler monkeys (D:8)
  4 bombardier beetles
  Crazy Yiuf (D:2)
  7 orc priests
  Ijyb (D:5)
  2 iguanas (D:5)
  6 orc wizards
  Robin (D:4)
  8 adders
  14 gnolls
  A shadow imp (D:5)
  2 white imps
  2 ufetubi (D:5)
  3 ribbon worms (D:3)
  2 dart slugs
  40 orcs
  5 bats
  An endoplasm (D:1)
  2 giant cockroaches
  20 goblins
  7 hobgoblins
  3 jackals (D:4)
  4 quokkas
  A frilled lizard (D:2)
  22 kobolds
  6 rats
249 creatures vanquished.

Vanquished Creatures (others)
  An orc (Orc:1)
1 creature vanquished.

Grand Total: 250 creatures vanquished

Notes
Turn   | Place    | Note
-------+----------+-------------------------------------------
     0 | D:1      | backslashecho the Coglin Berserker began the quest for the
                  | Orb.
     0 | D:1      | Reached XP level 1. HP: 18/18 MP: 1/1
   261 | D:1      | Reached XP level 2. HP: 24/24 MP: 2/2
   446 | D:1      | Found Lol Lua's Book Emporium.
   683 | D:2      | Found a faded altar of an unknown god.
   861 | D:2      | Reached skill level 1 in Short Blades
  1054 | D:2      | Reached XP level 3. HP: 27/29 MP: 3/3
  1124 | D:2      | Found a shadowy altar of Dithmenos.
  1367 | D:2      | Found a runed translucent door.
  1368 | D:2      | Noticed Crazy Yiuf
  1379 | D:2      | Killed Crazy Yiuf
  1583 | D:2      | Reached XP level 4. HP: 35/35 MP: 4/4
  1753 | D:3      | Reached ** piety under Trog
  1810 | D:3      | Noticed abessonov's ghost (amateur OnHW)
  1814 | D:3      | Found a runed translucent door.
  1867 | D:3      | Reached skill level 4 in Axes
  2102 | D:3      | Reached XP level 5. HP: 38/41 MP: 5/5
  2389 | D:3      | Killed abessonov's ghost
  2390 | D:3      | Reached skill level 5 in Axes
  2390 | D:3      | Reached XP level 6. HP: 48/48 MP: 6/6
  2535 | D:4      | Noticed Pikel
  2565 | D:4      | Killed Pikel
  2566 | D:4      | Reached skill level 5 in Fighting
  2566 | D:4      | Reached skill level 6 in Axes
  2566 | D:4      | Reached XP level 7. HP: 56/56 MP: 7/7
  2740 | D:4      | Noticed Robin
  2751 | D:4      | Killed Robin
  2757 | D:4      | Reached XP level 8. HP: 62/62 MP: 8/8
  3128 | D:4      | Found a glowing golden altar of the Shining One.
  3277 | D:5      | Entered Level 5 of the Dungeon
  3383 | D:5      | Found a staircase to the Ecumenical Temple.
  3472 | D:5      | Reached skill level 7 in Axes
  4147 | D:5      | Noticed Ijyb
  4172 | D:5      | Killed Ijyb
  4291 | D:5      | Found a burning altar of Makhleb.
  4390 | D:5      | Reached skill level 8 in Axes
  4588 | D:5      | Found a runed translucent gate.
  4588 | D:5      | Identified the +6 hand axe "Gecw" {protect, rC+ Will+}
  4588 | D:5      | Identified the +1 leather armour "Xovaeb Joeca" {Rampage}
  4588 | D:5      | Noticed Sobieck's ghost (novice MDEE)
  4590 | D:5      | Found a runed translucent gate.
  4591 | D:5      | Found a runed translucent gate.
  4763 | D:5      | Found a roughly hewn altar of Beogh.
  4812 | D:5      | Killed Sobieck's ghost
  4812 | D:5      | Reached *** piety under Trog
  4813 | D:5      | Reached skill level 5 in Armour
  4813 | D:5      | Reached XP level 9. HP: 67/71 MP: 9/9
  4954 | D:6      | Reached skill level 9 in Axes
  5032 | D:6      | Found an ornate altar of the Wu Jian Council.
  5046 | D:6      | Noticed a two-headed ogre
  5053 | D:6      | Killed a two-headed ogre
  5156 | D:6      | Reached skill level 10 in Axes
  5725 | D:6      | Reached XP level 10. HP: 80/80 MP: 10/10
  5972 | D:7      | Reached skill level 11 in Axes
  6368 | D:7      | Found a blossoming altar of Fedhas.
  6503 | D:7      | Noticed Joseph
  6515 | D:7      | Killed Joseph
  6516 | D:7      | Reached skill level 1 in Throwing
  6920 | D:8      | Reached **** piety under Trog
  6921 | D:8      | You fall into a shaft and drop 3 floors!
  7026 | D:10     | Entered Level 10 of the Dungeon
  7105 | D:9      | Found a staircase to the Lair.
  7250 | D:9      | Reached skill level 12 in Axes
  7254 | D:9      | Reached skill level 9 in Fighting
  7336 | D:9      | Found a flagged portal.
  7345 | Bailey   | Entered a bailey
  7375 | Bailey   | Noticed an orc knight
  7405 | Bailey   | Identified the +6 dagger of Defiance {heavy, Dex+4}
  7415 | Bailey   | Noticed an orc knight
  7437 | Bailey   | Killed an orc knight
  7441 | Bailey   | Identified the +9 lajatang of a treasure trove {freeze, rN+
                  | Str+3 Stlth+}
  7552 | Bailey   | Killed an orc knight
  7553 | Bailey   | Reached XP level 11. HP: 89/89 MP: 11/11
  8072 | D:9      | Noticed Maurice
  8401 | D:8      | Found a shimmering altar of Xom.
  8401 | D:8      | Found a bloodstained altar of Trog.
  8790 | D:9      | Noticed Psyche
  8797 | D:9      | Killed Psyche
  9294 | D:9      | Maurice stole the +6 hand axe "Gecw" {protect, rC+ Will+}
  9297 | D:9      | Killed Maurice
  9783 | D:10     | Found Luoceos's Antique Weapon Emporium.
  9898 | D:10     | Noticed Sonja
  9899 | D:10     | Sonja changed into Sonja the human
  9899 | D:10     | Noticed Sonja
  9910 | D:10     | Killed Sonja the human
 10039 | D:10     | Noticed Fannar
 10160 | D:10     | Found a staircase to the Orcish Mines.
 10189 | D:10     | Reached skill level 13 in Axes
 10569 | D:10     | Killed Fannar
 10660 | D:11     | Noticed a boulder beetle
 10678 | D:11     | Killed a boulder beetle
 10980 | D:11     | Noticed a boulder beetle
 10987 | D:11     | Killed a boulder beetle
 10988 | D:11     | Reached skill level 5 in Throwing
 11501 | D:11     | Noticed a two-headed ogre
 11510 | D:11     | Killed a two-headed ogre
 11665 | Orc:1    | Entered Level 1 of the Orcish Mines
 11898 | Orc:1    | Noticed an orc sorcerer
 11910 | Orc:1    | Killed an orc sorcerer
 11911 | Orc:1    | Reached skill level 14 in Axes
 12200 | Lair:1   | Entered Level 1 of the Lair of Beasts
 12202 | Lair:1   | Noticed Maggie
 12454 | D:9      | Reached XP level 12. HP: 70/95 MP: 12/12
 12701 | Lair:1   | Killed Maggie
 12888 | Lair:1   | HP: 3/142 [yak (13)]
 12890 | Lair:1   | Mangled by a yak

Illustrated notes

Levels and vault maps discovered:
D:1:      psy_arrival_conway, layout_rooms, serial_shops,
          nicolae_shop_behind_doors
D:2:      layout_basic, serial_rivers, chequers_serial_rivers_room_a,
          chequers_serial_rivers_micro_d, chequers_serial_rivers_room_b,
          chequers_serial_rivers_large_a, chequers_serial_rivers_micro_a,
          hellmonk_ecumenical_altar_arch_garden, basic_altar,
          uniq_crazy_yiuf_cottage
D:3:      layout_basic, hellmonk_ghost_happy_afterlife, minivault_4
D:4:      layout_loops_ring, overflow_temple_1_default, uniq_pikel, uniq_robin
D:5:      kb_forest_paths, layout_gridville, mainiacjoe_overflow_paths,
          minmay_temple_entry_arrows, biasface_ghost_orc_armoury, uniq_ijyb
D:6:      layout_gridville, nicolae_wu_jian_wuxing_cycle, grunt_ministairs_14
D:7:      layout_loops_ring, kennysheep_little_box, uniq_joseph
D:8:      layout_gridville, nicolae_overflow_two_pavilions,
          chequers_serial_rivers_micro_d
D:9:      layout_loops_corners, lair_entry_dummy, enter_bailey_2,
          kb_lookout_dungeons_type, uniq_maurice, uniq_psyche
D:10:     layout_irregular_city, orc_0_dummy, serial_shops, shop, uniq_sonja,
          uniq_fannar
D:11:     layout_rooms, gauntlet_entry_generic, hangedman_fish_farm
Lair:1:   layout_cave_shapes, nicolae_lair_lil_pond, serial_bayou_shore_b,
          grunt_megastairs_3, serial_bayou_shore_b, uniq_gastronok, uniq_maggie
Orc:1:    layout_caves, nicolae_orc_crystal_geode, uniq_harold

Skill      XL: |  1  2  3  4  5  6  7  8  9 10 11 12 |
---------------+-------------------------------------+-----
Dodging        | 2 |  2.0
Short Blades   | 1 2 |  2.0
Armour         | 2 3 5 6 7 |  7.3
Axes           | 4 5 6 8 10 12 14 | 14.4
Fighting       | 4 5 6 7 9 |  9.0
Throwing       | 3 5 |  5.9

Action                     |  1- 3 |  4- 6 |  7- 9 | 10-12 || total
---------------------------+-------+-------+-------+-------++-------
  Melee: Hand axe          |    67 |    93 |   135 |       ||   295
         Dagger            |    58 |    91 |       |    22 ||   171
         Whip              |       |       |   211 |   329 ||   540
         War axe           |       |       |    77 |   127 ||   204
         Broad axe         |       |       |       |   158 ||   158
  Throw: Dart              |       |       |     7 |    37 ||    44
         Throwing net      |       |       |       |     1 ||     1
 Invoke: Berserk           |     1 |     2 |     3 |    10 ||    16
         Trog's Hand       |       |       |     1 |     3 ||     4
  Evoke: Wand              |       |       |     1 |    23 ||    24
    Use: Scroll            |       |       |       |    18 ||    18
         Potion            |       |       |       |     1 ||     1
 Armour: Animal skin       |    27 |       |       |       ||    27
         Ice dragon scales |     2 |    71 |   113 |    34 ||   220
         Ring mail         |       |     2 |       |       ||     2
         Chain mail        |       |       |     6 |       ||     6
         Pearl dragon scal |       |       |       |   249 ||   249
  Dodge: Dodged            |    39 |    37 |    80 |   139 ||   295
         Repelled          |       |       |       |    22 ||    22

Table legend: (Time is in decaauts)
 A = Elapsed time spent in this place.
 B = Non-inter-level travel time spent in this place.
 C = Inter-level travel time spent in this place.
 D = Time resting spent in this place.
 E = Time spent auto-exploring this place.
 F = Levels seen in this place.
 G = Mean time per level.
                   A        B        C        D        E       F      G
               +--------+--------+--------+--------+--------+-----+--------+
         Total |  13006 |  12039 |    967 |   1850 |   7287 |  14 |  929.0 |
       Dungeon |  11671 |  10769 |    902 |   1519 |   6819 |  11 | 1061.0 |
          Lair |    161 |    161 |      0 |      0 |     87 |   1 |  161.0 |
  Orcish Mines |    457 |    394 |     63 |     50 |    272 |   1 |  457.0 |
        Bailey |    715 |    715 |      0 |    279 |    107 |   1 |  715.0 |
               +--------+--------+--------+--------+--------+-----+--------+

Top non-repeatable levels by time:
     D:9: 1821 daAuts
     D:5: 1455 daAuts
    D:10: 1318 daAuts
     D:2: 988 daAuts
     D:4: 954 daAuts
     D:6: 936 daAuts
     D:3: 934 daAuts
     D:7: 926 daAuts
    D:11: 908 daAuts
     D:8: 804 daAuts
  Bailey: 715 daAuts
     D:1: 624 daAuts
   Orc:1: 457 daAuts
  Lair:1: 161 daAuts
